 Seeded DCSS version 0.30.0-18-gc0e69614cb (webtiles) character file.

Game seed: 5 (custom seed)

955 Kazon the Sneak (level 8, -6/51 HPs)
             Began as an Octopode Conjurer on May 24, 2023.
             Was a Follower of Makhleb.
             Mangled by Duvessa
             ... wielding a +0 short sword
              (10 damage)
             ... on level 6 of the Dungeon.
             The game lasted 00:15:42 (3629 turns).

Kazon the Sneak (Octopode Conjurer)                 Turns: 3629, Time: 00:15:42

Health: -6/51      AC:  1    Str:  8    XL:     8   Next: 14%
Magic:  0/20       EV:  7    Int: 21    God:    Makhleb [*.....]
Gold:   220        SH: 12    Dex: 16    Spells: 8/11 levels left

rFire   . . .        e - +2 dagger (vamp)
rCold   . . .        g - +0 tower shield
rNeg    . . .        (helmet restricted)
rPois   .            y - amulet of guardian spirit
rElec   .            q - ring of magical power
rCorr   .            t - +6 ring of dexterity
SInv    .            (no ring)
Will    .....        (no ring)
Stlth   ++++         (no ring)
HPRegen 0.28/turn    (no ring)
MPRegen 0.17/turn    (no ring)
                     (no ring)

%: guardian spirit
@: flying, invisible
A: almost no armour, amphibious, 8 rings, camouflage 1, gelatinous body 1,
(nimble swimmer 1), tentacles
a: Renounce Religion


You were on level 6 of the Dungeon.
You worshipped Makhleb.
Makhleb was aware of your devotion.
You visited 2 branches of the dungeon, and saw 7 of its levels.

You collected 220 gold pieces.

Inventory:

Hand Weapons
 b - a +0 short sword
 c - a +4 eveningstar of protection
 e - a +2 vampiric dagger (weapon)
 f - a +0 hand axe of flaming
Missiles
 d - 12 stones (quivered)
 h - 5 poisoned darts
 j - 3 boomerangs
Armour
 g - a +0 tower shield (worn)
Jewellery
 q - a ring of magical power (left tentacle)
 t - a +6 ring of dexterity (right tentacle)
 y - an amulet of guardian spirit (around mantle)
Wands
 x - a wand of paralysis (8)
Scrolls
 k - a scroll of blinking {unknown}
 l - 2 scrolls of teleportation {unknown}
 m - 2 scrolls of identify {unknown}
 p - 2 scrolls of magic mapping {unknown}
 s - a scroll of poison {unknown}
 u - a scroll of torment {unknown}
 v - a scroll of amnesia {unknown}
Potions
 a - 2 potions of magic
 i - a potion of curing
 n - a potion of invisibility
 o - a potion of berserk rage {unknown}
 r - 2 potions of flight
 w - a potion of resistance {unknown}
 z - a potion of heal wounds
 A - a potion of lignification {unknown}
 B - a potion of attraction {unknown}


   Skills:
 + Level 2.8 Fighting
 + Level 0.8 Long Blades
 + Level 4.4 Maces & Flails
 + Level 2.9 Throwing
 + Level 2.6 Dodging
 + Level 5.4 Stealth
 + Level 2.3 Shields
 + Level 2.3 Spellcasting
 + Level 4.5 Conjurations
 * Level 2.9 Invocations
 * Level 0.4 Evocations


You had 8 spell levels left.
You knew the following spells:

 Your Spells              Type           Power      Damage    Failure   Level
a - Magic Dart            Conj           84%        1d7       80%         1
b - Searing Ray           Conj           42%        2d6       90%         2

Your spell library contained the following spells:

 Spells                   Type           Power      Damage    Failure   Level
 Dazzling Flash           Conj/Hex       22%        N/A       100%        3
 Frozen Ramparts          Ice            4%         1d1       100%        3
 Fulminant Prism          Conj/Hex       5%         3d6       100%        4
 Ice Form                 Ice/Tmut       2%         N/A       100%        4
 Iskenderun's Mystic Bla  Conj/Tloc      11%        2d4       100%        4
 Summon Ice Beast         Ice/Summ       2%         N/A       100%        4


Dungeon Overview and Level Annotations

Branches:
Dungeon (6/15)             Temple (1/1) D:4

Altars:
Dithmenos
Fedhas
Gozag
Hepliaklqana
Makhleb
Okawaru
Qazlal
Uskayaw
Wu Jian
The Shining One

Annotations:
D:6 Duvessa


Innate Abilities, Weirdness & Mutations

You cannot wear most types of armour.
You are amphibious.
You can wear up to eight rings at the same time.
Your skin changes colour to match your surroundings (Stealth+).
Your rubbery body absorbs attacks. (AC +1, EV +1)
((You are camouflaged when in or above water. (Stealth+)))
You have tentacles for arms and can constrict up to eight enemies at once.


Message History

There is a stone staircase leading down here.
You climb downwards.
There is a stone staircase leading up here.
Found a leather armour.
Dowan, Brother of Duvessa comes into view.
He is wielding a +0 dagger.
You see here a +0 leather armour.
Duvessa, Sister of Dowan comes into view.
She is wielding a +0 short sword.
You open the door.
There is an open door here.
The helpless Dowan fails to defend himself.
You impale Dowan!!
You kill Dowan!
Makhleb accepts your kill.
Duvessa screams in rage.
Duvessa goes berserk!
You barely miss Duvessa. You grab Duvessa.
You constrict Duvessa, but do no damage.
You block Duvessa's attack. Duvessa completely misses you.
You hit Duvessa. You squeeze Duvessa.
Duvessa is lightly wounded.
You constrict Duvessa. Duvessa hits you with a +0 short sword!
You block Duvessa's attack. Duvessa hits you with a +0 short sword.
You hit Duvessa.
You feel better.
Duvessa is lightly wounded.
You constrict Duvessa. You block Duvessa's attack.
Duvessa hits you with a +0 short sword!
You hit Duvessa but do no damage.
Duvessa is lightly wounded.
You constrict Duvessa. You block Duvessa's attack.
Duvessa hits you with a +0 short sword!
Duvessa hits you with a +0 short sword!!
* * * LOW HITPOINT WARNING * * *
It was a potion of flight.
You feel very buoyant.
You fly up into the air.
You constrict Duvessa. You block Duvessa's attack.
It was a potion of invisibility.
You fade into invisibility!
You constrict Duvessa. You block Duvessa's attack.
Duvessa hits you with a +0 short sword!
You die...

##### #.# #..<#
#...###.###.###
#.#..[......#
#.#.....#####
####.##....#
###..........#
+............#
##..........##
#.......@..#
#.###'#.e).#
#.....#....#
#######....#
#....# ######


You could see Duvessa (berserk, unable to see you).

Vanquished Creatures
  Sigmund (D:4)
  2 black bears (D:4)
  An ogre (D:5)
  A scorpion (D:4)
  Dowan (D:6)
  3 hounds (D:5)
  A jelly (D:5)
  4 iguanas
  4 gnolls (D:5)
  8 adders
  An ufetubus (D:4)
  3 worms
  6 orcs
  4 bats
  9 endoplasms
  A giant cockroach (D:1)
  11 goblins
  7 hobgoblins
  11 jackals
  3 kobolds
  3 quokkas (D:4)
  6 ball pythons
  3 frilled lizards
  4 rats
98 creatures vanquished.

Notes
Turn   | Place    | Note
-------+----------+-------------------------------------------
     0 | D:1      | Kazon the Octopode Conjurer began the quest for the Orb.
     0 | D:1      | Reached XP level 1. HP: 11/11 MP: 3/3
    94 | D:1      | Reached XP level 2. HP: 14/17 MP: 5/5
   117 | D:1      | Identified a scroll of acquirement
   117 | D:1      | Acquired a +4 eveningstar of protection
   143 | D:1      | Reached skill level 3 in Stealth
   205 | D:1      | Reached XP level 3. HP: 21/22 MP: 6/6
   862 | D:2      | Reached skill level 1 in Maces & Flails
   992 | D:2      | Reached XP level 4. HP: 27/27 MP: 7/7
  1046 | D:2      | Reached skill level 1 in Fighting
  1683 | D:3      | Learned a level 2 spell: Searing Ray
  1761 | D:3      | Identified the +2 sling "Qeuhanocyt" {speed, rElec Str-3
                  | Dex+2}
  1791 | D:3      | Found a stormy altar of Qazlal.
  1897 | D:3      | Found a blossoming altar of Fedhas.
  1913 | D:3      | Reached XP level 5. HP: 32/33 MP: 8/8
  2097 | D:3      | Found a faded altar of an unknown god.
  2333 | D:4      | Found a staircase to the Ecumenical Temple.
  2342 | Temple   | Entered the Ecumenical Temple
  2367 | Temple   | Became a worshipper of Makhleb the Destroyer
  2470 | D:4      | Reached skill level 4 in Stealth
  2631 | D:4      | Reached skill level 1 in Shields
  2746 | D:4      | Found a hazy altar of Hepliaklqana.
  2750 | D:4      | Found a shadowy altar of Dithmenos.
  2750 | D:4      | Noticed a shadow
  2774 | D:4      | Noticed a black bear
  2775 | D:4      | Noticed Sigmund
  2789 | D:4      | Killed a black bear
  2790 | D:4      | Reached skill level 1 in Throwing
  2790 | D:4      | Reached skill level 1 in Invocations
  2790 | D:4      | Reached XP level 6. HP: 33/38 MP: 9/9
  2798 | D:4      | Killed Sigmund
  2853 | D:4      | Reached XP level 7. HP: 35/45 MP: 10/10
  3097 | D:4      | Reached skill level 5 in Stealth
  3148 | D:5      | Entered Level 5 of the Dungeon
  3171 | D:5      | HP: 2/45 [iguana (7)]
  3328 | D:5      | Reached XP level 8. HP: 37/51 MP: 11/11
  3532 | D:5      | Reached * piety under Makhleb
  3600 | D:6      | Noticed Dowan
  3609 | D:6      | Noticed Duvessa
  3623 | D:6      | Killed Dowan
  3629 | D:6      | Mangled by Duvessa

Illustrated notes

Levels and vault maps discovered:
D:1:      ebering_trefoil_3fold, layout_basic, st_stairs_14, serial_bayou_ford_a
D:2:      layout_basic, hangedman_decor_growths, minmay_close_crescents
D:3:      layout_rooms, mainiacjoe_overflow_concentric_impassable,
          mainiacjoe_overflow_paths, shapermc_ecumenical_altar_acropolis,
          chequers_serial_rivers_micro_b
D:4:      layout_basic, riverfiend_overflow_shadow_ancestor,
          minmay_temple_entry_glass, uniq_sigmund
D:5:      layout_gridville
D:6:      layout_basic, xom_teletrap_fun, uniq_duvessa
Temple:   nicolae_temple_elliptical

Skill      XL: |  1  2  3  4  5  6  7 |
---------------+----------------------+-----
Stealth        | 3 4 5 |  5.4
Maces & Flails | 1 2 3 4 |  4.4
Fighting       | 1 2 |  2.8
Shields        | 1 2 |  2.3
Throwing       | 1 2 |  2.9
Invocations    | 1 2 |  2.9
Long Blades    | |  0.8
Dodging        | |  2.6
Spellcasting   | |  2.3
Conjurations   | |  4.5
Evocations     | |  0.4

Action                     |  1- 3 |  4- 6 |  7- 9 || total
---------------------------+-------+-------+-------++-------
  Melee: Short sword       |    18 |       |       ||    18
         Unarmed           |     5 |       |       ||     5
         Constrict         |    14 |    18 |    13 ||    45
         Tentacles         |    13 |    14 |    12 ||    39
         Eveningstar       |    48 |    57 |    30 ||   135
         Punch             |       |     2 |       ||     2
         Long sword        |       |    18 |       ||    18
         Dagger            |       |       |     9 ||     9
  Throw: Stone             |       |     3 |    16 ||    19
   Cast: Magic Dart        |     3 |     1 |       ||     4
    Use: Scroll            |     1 |     3 |       ||     4
         Potion            |     1 |       |     3 ||     4
   Stab: Sleeping          |     5 |    10 |     5 ||    20
 Armour: Skin              |    13 |    15 |     3 ||    31
  Dodge: Dodged            |    45 |    19 |    16 ||    80
  Block: Tower shield      |    12 |    47 |    36 ||    95
